Map: Kairos Junction LE

Players

Harstem - Winner!

  • Race: Protoss Protoss
  • Spawn Location: 11:00

Awers

  • Race: Terran Terran
  • Spawn Location: 5:00

Event: 2019 WCS Summer

VOD

Have the link to the VOD?

Description

Time

  • Played on: July 12, 2019, 8 a.m.
  • Length: 9:57

All games in this series

Show
View Real Time Build Order
Export as new Build Order

Harstem Protoss - Winner!

Build Orders: 1 Gate Expand, Archon Immortal 

Get SALT Encoding   

  12  0:01  Probe  
  13  0:13  Probe  
  14  0:17  Pylon  
  14  0:25  Probe  
  15  0:34  Probe  
  15  0:36  Gateway  
  16  0:42  Probe  
  16  0:48  Assimilator  
  17  0:52  Probe  
  19  1:04  Probe  
  19  1:16  Probe  
  20  1:23  Cybernetics Core  
  20  1:34  Nexus  
  20  1:41  Pylon  
  20  1:43  Probe  
  21  1:49  Adept  
  21  1:54  Assimilator  
  21  1:55  Probe  
  18  2:01  Warp Gate  
  24  2:07  Probe  
  25  2:10  Adept  
  25  2:19  Probe  
  28  2:32  Probe, Robotics Facility  
  29  2:41  Stalker  
  31  2:45  Probe  
  31  2:46  Probe  
  33  2:52  Pylon  
  33  2:53  Probe  
  34  2:58  Probe  
  34  3:01  Probe  
  35  3:10  Probe, Gateway  
  37  3:14  Observer, Probe  
  38  3:22  Probe  
  38  3:24  Stalker  
  43  3:30  Probe, Shield Battery  
  43  3:32  Pylon  
  43  3:34  Observer, Probe  
  45  3:42  Probe  
  45  3:47  Probe  
  47  3:54  Pylon  
  47  3:55  Probe  
  48  3:59  Probe  
  49  4:03  Stalker  
  49  4:04  Observer  
  49  4:07  Probe  
  51  4:10  Adept  
  51  4:11  Probe  
  54  4:19  Probe  
  54  4:23  Probe  
  56  4:26  Observer  
  56  4:28  Assimilator  
  56  4:30  Forge  
  56  4:31  Probe, Sentry  
  57  4:32  Twilight Council  
  57  4:35  Probe  
  60  4:40  Gateway  
  60  4:46  Probe  
  60  4:51  Warp Prism  
  60  4:52  Gateway  
  61  4:53  Charge  
  61  4:54  Gateway  
  61  4:57  Pylon  
  61  4:58  Protoss Ground Armor Level 1  
  63  5:07  Gateway  
  63  5:15  Pylon  
  63  5:19  Probe x2, Immortal  
  68  5:40  Probe  
  68  5:42  Assimilator  
  69  5:46  Probe, Nexus  
  69  5:49  Pylon  
  69  5:54  Zealot x4  
  77  5:57  Probe  
  77  6:03  Immortal  
  82  6:09  Probe  
  81  6:11  Probe  
  82  6:19  Zealot x4  
  82  6:25  Zealot  
  93  6:28  Zealot  
  93  6:30  Pylon  
  94  6:44  Templar Archives  
  94  6:48  Probe x2  
  96  6:58  Protoss Ground Weapons Level 1  
  96  6:59  Gateway x2  
  96  7:00  Probe x3  
  99  7:06  Adept  
  101  7:12  Probe x3  
  104  7:20  High Templar  
  104  7:21  High Templar x3  
  104  7:22  Zealot  
  114  7:24  Probe x2  
  114  7:25  Pylon  
  114  7:27  Archon x2  
  114  7:28  Pylon  
  116  7:31  Pylon  
  116  7:32  Pylon  
  116  7:37  Probe  
  116  7:43  Immortal  
  121  7:46  High Templar  
  121  7:47  High Templar  
  121  7:49  Nexus  
  121  7:50  Pylon  
  121  7:51  Archon  
  125  7:53  Zealot x2  
  125  7:56  Probe  
  130  8:00  Assimilator, Probe  
  130  8:02  Assimilator  
  130  8:05  Zealot  
  133  8:10  Stalker x2  
  133  8:11  Stalker  
  137  8:13  Probe x2  
  139  8:23  Probe  
  139  8:24  Phoenix  
  139  8:26  Probe  
  141  8:29  Probe  
  141  8:31  High Templar x2, Pylon  
  141  8:32  Zealot x3  
  151  8:34  Pylon  
  151  8:35  Archon  
  151  8:37  Pylon  
  151  8:41  Immortal  
  151  8:42  Probe  
  152  8:54  Forge  
  156  8:56  Dark Shrine  
  156  8:58  Sentry, Zealot x3  
  164  9:05  Zealot  
  164  9:06  Zealot x2  
  168  9:14  Zealot  
  166  9:20  Zealot x3  
  166  9:24  Zealot  
  174  9:28  Zealot  
  177  9:41  Zealot x5  
  177  9:44  Probe  
Show
View Real Time Build Order
Export as new Build Order

Awers Terran 

Build Orders: 1/1/1, Liberator Opening, Mech 

Get SALT Encoding   

  12  0:00  SCV  
  13  0:12  SCV  
  14  0:17  Supply Depot  
  14  0:25  SCV  
  14  0:28  Refinery  
  15  0:39  SCV  
  16  0:44  Barracks  
  16  0:51  SCV  
  17  1:03  SCV  
  18  1:15  SCV  
  18  1:16  Refinery  
  19  1:31  Orbital Command  
  19  1:32  Marine, Factory  
  20  1:40  Supply Depot  
  20  1:50  Barracks Reactor  
  20  1:58  SCV  
  21  2:10  SCV  
  22  2:18  Starport  
  22  2:23  SCV  
  25  2:30  Hellion x2  
  25  2:32  Supply Depot  
  25  2:36  SCV  
  28  2:38  Liberator  
  29  2:52  Hellion  
  29  2:54  Hellion  
  35  3:05  Barracks Tech Lab  
  35  3:18  Command Center  
  35  3:20  SCV  
  36  3:27  Supply Depot  
  36  3:31  Widow Mine  
  36  3:35  SCV  
  37  3:41  Marine x2  
  37  3:47  Starport Tech Lab  
  39  3:49  SCV  
  39  3:54  Siege Tank  
  43  3:59  Supply Depot  
  43  4:06  Marine  
  44  4:17  Raven  
  44  4:18  SCV  
  47  4:26  Siege Tank  
  47  4:28  Marine x2  
  47  4:30  SCV  
  50  4:42  SCV  
  51  4:48  Orbital Command  
  51  4:51  Marine x2, Refinery  
  53  5:00  Viking, SCV  
  56  5:12  Siege Tank, SCV  
  60  5:15  SCV  
  61  5:24  SCV  
  62  5:28  Refinery  
  62  5:29  Factory, Supply Depot  
  62  5:36  SCV  
  62  5:39  SCV  
  62  5:40  Factory  
  64  5:45  Barracks Reactor  
  64  5:48  SCV, Factory  
  65  5:51  SCV  
  65  5:52  Supply Depot  
  66  5:59  Armory  
  66  6:00  SCV  
  66  6:04  SCV  
  68  6:12  SCV  
  68  6:17  Hellion x2, Medivac  
  75  6:21  Supply Depot  
  75  6:27  Infernal Pre-Igniter  
  75  6:28  SCV  
  75  6:29  SCV  
  75  6:39  Supply Depot x2  
  75  6:40  SCV, Hellion x2  
  78  6:49  Engineering Bay, SCV  
  78  6:52  SCV  
  78  6:53  Hellion  
  80  7:06  Thor  
  86  7:13  Thor  
  92  7:16  Starport Reactor  
  92  7:24  Terran Vehicle Weapons Level 1  
  92  7:26  Hellion x2  
  92  7:28  Hellion  
  98  7:35  Hellion  
  100  7:47  Hellion  
  100  7:49  Hellion  
  104  7:52  Thor  
  110  8:02  Thor  
  110  8:03  Supply Depot  
  112  8:08  Liberator  
  112  8:11  Liberator  
  112  8:14  Hellion x3  
  112  8:19  Supply Depot  
  118  8:25  Hellion  
  130  8:41  Hellion x2  
  130  8:47  Thor  
  132  8:59  Siege Tank, Supply Depot  
  135  9:13  Hellion x2  
  139  9:34  Engineering Bay  
Tags
 
Add a new tag
Caveats
  • Supply blocks, unpowered buildings, or Contaminate may cause inaccurate times.
  • Supply counts are checked every 10 seconds.